AoeStats
← Dartagnan

Black Forest

508888118Analyzed
4v4 RM · 7d ago on Sep 24, 2026· 71m 49s· 8 players
Game mode
Random Map
Map size
Large (8 player)
Population
200
Speed
Normal
Resources
Standard
Victory
Conquest
Starting age
Dark Age
Ending age
Imperial Age
RankedLock teamsTeams togetherTeam positionsShared explorationLock speedFull tech treeHidden civsTurbo modeCheats
Victory
Defeat
🇩🇪 Khitans · Germany
823
+11
🇩🇪 Tatars · Germany
782
+13
🇱🇺 Huns · Luxembourg
778
+13
🇩🇪 Britons · Germany
721
+18
🇨🇴 Romans · Colombia
733
-14
🇿🇦 Vietnamese · South Africa
732
-14
🇹🇯 Persians · Tajikistan
722
-13
🇷🇺 Burgundians · Russia
656
-11
FRnD1Y💕
16:38 Feudal Age
19:23 Wheelbarrow
26:51 Double-Bit Axe
35:37 Hand Cart
43:55 Horse Collar
49:02 Castle Age
52:35 Forging
52:26 Scale Mail Armor
53:58 Iron Casting
57:50 Chain Mail Armor
Zerfer
2:53 Loom
11:23 Feudal Age
11:58 Horse Collar
12:05 Double-Bit Axe
12:58 Wheelbarrow
16:58 Padded Archer Armor
16:49 Fletching
19:44 Fletching
19:48 Stone Mining
20:32 Forging
21:11 Scale Barding Armor
26:04 Castle Age
27:21 Stone Shaft Mining
26:37 Gold Mining
27:07 Hand Cart
26:28 Elite Skirmisher
27:28 Leather Archer Armor
28:35 Thumb Ring
29:01 Bodkin Arrow
30:39 Kamandaran
31:10 Crossbowman
34:00 Chain Barding Armor
36:20 Ballistics
37:13 Gold Shaft Mining
37:17 Bow Saw
37:10 Heavy Plow
38:39 Iron Casting
38:22 Caravan
40:17 Murder Holes
40:34 Masonry
47:43 Imperial Age
49:11 Chemistry
48:19 Husbandry
47:43 Cavalier
48:38 Bloodlines
49:25 Conscription
49:47 Architecture
50:34 Plate Barding Armor
54:08 Ring Archer Armor
54:40 Blast Furnace
61:22 Citadels
nikorodrigueza
11:53 Feudal Age
13:58 Double-Bit Axe
20:51 Castle Age
24:06 Bow Saw
25:28 Wheelbarrow
24:51 Fletching
29:12 Gold Mining
31:03 Hand Cart
31:20 Ballistas
36:06 Imperial Age
35:07 Forging
35:00 Scale Mail Armor
34:48 Loom
35:53 Murder Holes
37:03 Horse Collar
37:49 Conscription
36:57 Heavy Cavalry Archer
38:29 Fortified Wall
39:22 Chemistry
38:07 Elite Skirmisher
38:52 Town Watch
39:23 Onager
41:14 Siege Engineers
41:48 Chain Mail Armor
41:38 Scale Barding Armor
44:14 Imperial Skirmisher
46:09 Padded Archer Armor
46:05 Bodkin Arrow
46:46 Iron Casting
46:32 Chain Barding Armor
48:06 Ballistics
55:47 Leather Archer Armor
56:08 Plate Barding Armor
56:34 Blast Furnace
55:53 Masonry
55:46 Pikeman
59:54 Ring Archer Armor
sheldongriffinjohnson
5:15 Loom
14:21 Feudal Age
19:42 Wheelbarrow
18:59 Double-Bit Axe
25:58 Castle Age
25:37 Gold Mining
28:40 Elite Skirmisher
39:21 Imperial Age
37:19 Chatras
38:51 Hand Cart
40:34 Bow Saw
42:03 Elite Rattan Archer
42:30 Imperial Skirmisher
43:48 Fortified Wall
48:12 Elite Battle Elephant
53:58 Horse Collar
57:28 Masonry
Dartagnan
13:05 Feudal Age
13:36 Domestication
13:45 Double-Bit Axe
14:20 Man-at-Arms
17:15 Forging
17:05 Scale Mail Armor
19:48 Arson
20:41 Wheelbarrow
22:48 Gold Mining
22:49 Stone Mining
30:02 Castle Age
31:50 Bow Saw
32:18 Stone Shaft Mining
32:01 Hand Cart
31:50 Caravan
37:29 Iron Casting
37:10 Chain Mail Armor
37:01 Scale Barding Armor
36:47 Fletching
36:57 Padded Archer Armor
37:33 Coinage
37:33 Long Swordsman
37:59 Gambesons
37:34 Pikeman
38:15 Squires
43:13 Imperial Age
42:02 Chain Barding Armor
41:38 Bodkin Arrow
43:25 Leather Archer Armor
44:15 Ordo Cavalry
43:31 Elite Liao Dao
44:57 Conscription
45:51 Two-Man Saw
45:22 Ballistics
46:03 Chemistry
46:50 Plate Mail Armor
46:55 Plate Barding Armor
47:14 Bracer
47:44 Ring Archer Armor
46:43 Light Cavalry
47:23 Husbandry
48:22 Banking
48:35 Two-Handed Swordsman
49:10 Hussar
51:04 Champion
51:48 Heavy Camel Rider
55:01 Guilds
57:04 Elite Fire Lancer
59:03 Elite Steppe Lancer
68:48 Spies/Treason
Uzler
11:22 Feudal Age
12:12 Double-Bit Axe
16:10 Gold Mining
18:22 Fletching
20:02 Stone Mining
23:36 Castle Age
22:42 Bloodlines
22:57 Forging
26:43 Bow Saw
26:17 Horse Collar
27:13 Husbandry
29:10 Bodkin Arrow
30:43 Scale Barding Armor
31:07 Elite Skirmisher
35:16 Wheelbarrow
34:26 Town Watch
34:28 Loom
37:51 Imperial Age
37:50 Hand Cart
39:04 Conscription
40:13 Bracer
40:34 Chain Barding Armor
40:50 Iron Casting
41:04 Elite Keshik
43:06 Timurid Siegecraft
43:31 Capped Ram
44:23 Silk Armor
44:52 Heavy Cavalry Archer
45:38 Padded Archer Armor
50:25 Blast Furnace
50:00 Plate Barding Armor
49:42 Leather Archer Armor
50:10 Sappers
51:25 Siege Ram
53:37 Light Cavalry
mycranQ
9:59 Feudal Age
10:27 Double-Bit Axe
10:41 Horse Collar
15:14 Gold Mining
17:43 Stone Mining
19:53 Wheelbarrow
19:58 Bloodlines
22:48 Castle Age
21:01 Forging
20:57 Scale Barding Armor
24:23 Gold Shaft Mining
23:51 Heavy Plow
24:04 Bow Saw
24:07 Husbandry
24:30 Chain Barding Armor
25:21 Iron Casting
24:50 Caravan
31:31 Imperial Age
31:56 Cavalier
33:19 Plate Barding Armor
33:45 Blast Furnace
34:29 Hand Cart
36:43 Paladin
39:12 Two-Man Saw
40:49 Conscription
46:49 Light Cavalry
51:42 Hussar
54:06 Elite Tarkan
64:24 Marauders
64:30 Scale Mail Armor
64:31 Padded Archer Armor
64:21 Fletching
64:18 Loom
64:42 Atonement
64:43 Devotion
65:10 Illumination
65:05 Sanctity
65:06 Heresy
64:57 Fervor
71:13 Squires
70:34 Pikeman
70:35 Man-at-Arms
71:00 Arson
71:34 Chain Mail Armor
71:15 Bodkin Arrow
71:35 Leather Archer Armor
71:08 Town Watch
71:47 Faith
Präsident Steckrein
16:51 Feudal Age
18:46 Horse Collar
20:14 Wheelbarrow
22:43 Loom
23:55 Gold Mining
31:17 Castle Age
31:07 Padded Archer Armor
30:58 Fletching
31:34 Stone Mining
36:31 Double-Bit Axe
39:07 Leather Archer Armor
38:51 Bodkin Arrow
39:09 Forging
39:00 Elite Skirmisher
39:01 Crossbowman
39:09 Crossbowman
47:09 Scale Mail Armor
47:50 Heavy Plow
48:03 Bow Saw
48:33 Gold Shaft Mining
55:51 Imperial Age
53:39 Hand Cart
54:42 Masonry
58:53 Arrowslits
61:34 Warwolf
62:22 Town Watch
63:17 Architecture
62:24 Arbalester
64:16 Conscription
Connection lost

Rejoining the realm…

Still unreachable

The connection could not be restored.

Session expired

The server has moved on; the page needs a fresh start.